 Dungeon Crawl Stone Soup version 0.19.5 (webtiles) character file.

1096 LORDOFBUTT the Cleaver (level 8, 0/58 HPs)
             Began as a Formicid Fighter on Mar 24, 2017.
             Was an Initiate of Gozag.
             Slain by a hound (5 damage)
             ... on level 5 of the Dungeon.
             The game lasted 00:06:45 (5127 turns).

LORDOFBUTT the Cleaver (Formicid Fighter)           Turns: 5127, Time: 00:06:46

Health: 0/58       AC: -7    Str: 21    XL:     8   Next: 57%
Magic:  8/8        EV:  9    Int:  8    God:    Gozag
Gold:   273        SH: 11    Dex: 12    Spells: 0 memorised, 7 levels left

rFire  . . .     SeeInvis +     a - +0 war axe
rCold  . . .     Gourm    .     b - +0 scale mail
rNeg   . . .     Faith    .     c - +0 shield
rPois  .         Spirit   .     (helmet unavailable)
rElec  .         Reflect  .     p - +0 cloak
rCorr  .         Harm     .     (no gloves)
MR     .....                    (no boots)
Stlth  ..........               (no amulet)
                                (no ring)
                                (no ring)

@: corroded
A: permanent stasis, dig shafts and tunnels, four strong arms, antennae 3
a: Dig, Shaft Self, Potion Petition, Call Merchant, Bribe Branch, Renounce
Religion


You were on level 5 of the Dungeon.
You worshipped Gozag.
Gozag was aware of your devotion.
You were full.

You visited 2 branches of the dungeon, and saw 7 of its levels.

You collected 328 gold pieces.
You paid 55 gold pieces to Gozag.

Inventory:

Hand Weapons
 a - a +0 war axe (weapon)
Armour
 b - a +0 scale mail (worn)
 c - a +0 shield (worn)
 p - a +0 cloak (worn)
Jewellery
 n - a cursed -3 ring of protection {unknown}
 t - an uncursed ring of resist corrosion {unknown}
 w - an uncursed amulet of rage {unknown}
Wands
 u - a wand of random effects (17/48)
 v - a wand of polymorph (8/24)
Scrolls
 d - 4 scrolls of remove curse
 e - a scroll of magic mapping
 h - a scroll of enchant armour {unknown}
 k - 2 scrolls of recharging
 q - a scroll of enchant weapon
 x - a scroll of immolation {unknown}
Potions
 i - a potion of cancellation
 j - a potion of berserk rage
 m - 2 potions of agility
 o - a potion of invisibility
Comestibles
 f - 3 bread rations
 l - a royal jelly


   Skills:
 - Level 3.2 Fighting
 * Level 8.0 Axes
 - Level 3.2 Armour
 + Level 7.5 Shields


You had 7 spell levels left.
You didn't know any spells.

Dungeon Overview and Level Annotations

Branches:
Dungeon (6/15)             Temple (1/1) D:4

Altars:
Ashenzari
Cheibriados
Dithmenos
Elyvilon
Fedhas
Gozag
Hepliaklqana
Kikubaaqudgha
Makhleb
Nemelex Xobeh
Okawaru
Qazlal
Ru
Sif Muna
Trog
Uskayaw
Vehumet
Xom
Yredelemnul
Zin
The Shining One


Innate Abilities, Weirdness & Mutations

You are under a permanent stasis effect.
You can dig through walls and to a lower floor.
Your four strong arms can wield two-handed weapons with a shield.
You have a pair of large antennae on your head. (SInv)


Message History

The hound is heavily wounded.
You block the hound's attack. The hound closely misses you.
Okay, then.
As you read the scroll of identify, it crumbles to dust.
d - 4 scrolls of remove curse The hound bites you.
* * * LOW HITPOINT WARNING * * *
As you read the scroll of identify, it crumbles to dust.
e - a scroll of magic mapping The hound bites you.
* * * LOW HITPOINT WARNING * * *
The hound closely misses you.
As you read the scroll of identify, it crumbles to dust.
k - 2 scrolls of recharging You block the hound's attack.
As you read the scroll of identify, it crumbles to dust.
q - a scroll of enchant weapon You block the hound's attack.
The hound bites you.
You die...
Your body crumbles into a pile of gold.

#..........##########
#..........'........#
#..........########.#
#....[.....# #.#### #..........#
#.#... #########..........####
#.#.## #...........).........#
#.#...
#.############........#####.####
#.# ##@'.....+......... #.#
###########h#.....#####.#### #.#
#.........)J.....(#####>#### #.#
#.>................<........ #.#
#......................<..).
#.###.###############.##########
#.....# #.........#.........
####### #.######..#.######## #.#
#..#.# #


You could see a hound and a jelly.

Vanquished Creatures
  The ghost of LORDOFBUTT the Cleaver, an amateur MiBe of Trog (D:5)
  Eustachio (D:5)
  A sky beast (D:5)
  A howler monkey (D:5)
  3 crimson imps
  Crazy Yiuf (D:3)
  A hound (D:5)
  A bullfrog skeleton (D:5)
  An orc priest (D:4)
  An iguana (D:4)
  Terence (D:2)
  4 orc wizards
  A worker ant (D:4)
  A hound skeleton (D:4)
  4 adders
  4 gnolls (D:3)
  A shadow imp (D:5)
  An ooze (D:2)
  2 adder skeletons
  4 worms
  4 dart slugs
  A leopard gecko (D:4)
  10 orcs
  6 giant cockroaches
  7 goblins
  5 hobgoblins
  12 jackals
  4 quokkas
  A ball python (D:2)
  8 bats
  4 frilled lizards
  6 kobolds
  A leopard gecko skeleton (D:6)
  8 rats
112 creatures vanquished.

Notes
Turn   | Place    | Note
-------+----------+-------------------------------------------
     0 | D:1      | LORDOFBUTT the Formicid Fighter began the quest for the Orb.
     0 | D:1      | Reached XP level 1. HP: 18/18 MP: 1/1
   291 | D:1      | Reached XP level 2. HP: 24/24 MP: 2/2
   705 | D:1      | Reached XP level 3. HP: 29/29 MP: 3/3
  1181 | D:2      | Reached skill level 3 in Axes
  1204 | D:2      | Noticed Terence
  1217 | D:2      | Killed Terence
  1217 | D:2      | Reached XP level 4. HP: 32/35 MP: 4/4
  1633 | D:2      | Reached XP level 5. HP: 41/41 MP: 5/5
  1757 | D:3      | Reached skill level 5 in Shields
  1883 | D:3      | Reached skill level 4 in Axes
  2702 | D:3      | Reached XP level 6. HP: 5/47 MP: 6/6
  3102 | D:3      | Found a runed door.
  3229 | D:3      | Noticed Crazy Yiuf
  3239 | D:3      | Killed Crazy Yiuf
  3239 | D:3      | Reached skill level 5 in Axes
  3494 | D:4      | Found a staircase to the Ecumenical Temple.
  3764 | D:4      | Reached XP level 7. HP: 24/52 MP: 7/7
  4210 | D:5      | Entered Level 5 of the Dungeon
  4216 | D:5      | Noticed LORDOFBUTT's ghost (amateur MiBe)
  4261 | Temple   | Entered the Ecumenical Temple
  4432 | Temple   | Became a worshipper of Gozag Ym Sagoz the Greedy
  4515 | D:5      | Killed LORDOFBUTT's ghost
  4515 | D:5      | Reached skill level 6 in Axes
  4636 | D:5      | Noticed Eustachio
  4670 | D:5      | Reached skill level 7 in Axes
  4670 | D:5      | Reached XP level 8. HP: 55/58 MP: 8/8
  4674 | D:5      | Killed Eustachio
  4823 | D:5      | Reached skill level 8 in Axes
  4829 | D:5      | Found a sparkling altar of Nemelex Xobeh.
  5127 | D:5      | Slain by a hound

Skill      XL: |  1  2  3  4  5  6  7  8 |
---------------+-------------------------+-----
Shields        | 4 5 7 |  7.5
Axes           | 3 4 5 7 8 |  8.0
Fighting       | |  3.2
Armour         | |  3.2

Action                   |  1- 3 |  4- 6 |  7- 9 || total
-------------------------+-------+-------+-------++-------
Melee: War axe           |    72 |   223 |   132 ||   427
Invok: Potion Petition   |       |       |     1 ||     1
  Use: Potion            |     1 |     1 |     2 ||     4
       Scroll            |       |       |     8 ||     8
  Eat: Chunk             |     1 |     8 |     2 ||    11
       Pizza             |       |       |     1 ||     1
       Bread ration      |       |       |     1 ||     1
       Beef jerky        |       |       |     1 ||     1
Armor: Scale mail        |    26 |    73 |    55 ||   154
Dodge: Dodged            |    19 |    74 |    49 ||   142
Block: Shield            |    43 |    95 |    94 ||   232
